 Dungeon Crawl Stone Soup version 0.22-a0-159-g7ce444f (webtiles) character file.

14 RuleOfThree the Grasshopper (level 2, 2/23 HPs)
             Began as a Demonspawn Warper on Feb 9, 2018.
             Quit the game on level 1 of the Dungeon.
             The game lasted 00:01:46 (545 turns).

RuleOfThree the Grasshopper (Demonspawn Warper)      Turns: 545, Time: 00:01:46

Health: 2/23       AC:  5    Str: 11    XL:     2   Next: 31%
Magic:  5/5        EV: 10    Int: 14    God:
Gold:   35         SH:  0    Dex: 12    Spells: 3/5 levels left

rFire    + . .     SeeInvis .     - Unarmed
rCold    + . .     Gourm    .   (no shield)
rNeg     . . .     Faith    .   e - +0 ring mail
rPois    +         Spirit   .   (no helmet)
rElec    +         Reflect  .   (no cloak)
rCorr    +         Harm     .   (no gloves)
MR       .....                  (no boots)
Stlth    +.........             (no amulet)
HPRegen  0.07/turn              (no ring)
MPRegen  0.09/turn              (no ring)

@: lethally poisoned (2 -> 0), resistant
A: demonic guardian 1
a: no special abilities


You were on level 1 of the Dungeon.
You were not hungry.

You visited 1 branch of the dungeon, and saw 1 of its levels.

You collected 35 gold pieces.

Inventory:

Missiles
 d - a tomahawk of dispersal (quivered)
Armour
 e - a +0 ring mail (worn)
Jewellery
 l - a cursed -3 ring of evasion {unknown}
 n - a cursed -2 ring of evasion {unknown}
Scrolls
 a - a scroll of enchant armour {unknown}
 c - a scroll of blinking
 i - a scroll of noise {unknown}
 k - a scroll of identify {unknown}
 m - a scroll of magic mapping {unknown}
 o - a scroll of remove curse {unknown}
Books
 b - a book of Spatial Translocations

   Spells                             Type                      Level
   a - Blink                          Translocation                2
   b - Shroud of Golubria             Charms/Translocation         2
   c - Lesser Beckoning               Translocation                3
   d - Gell's Gravitas                Translocation                3
   e - Teleport Other                 Translocation                3
   f - Passage of Golubria            Translocation                4
Comestibles
 f - 2 rations
 g - 2 chunks of flesh


   Skills:
 * Level 2.3 Fighting
 - Level 0.8 Throwing
 + Level 0.8 Armour
 - Level 2.0 Dodging
 * Level 2.1 Unarmed Combat
 - Level 2.1 Spellcasting
 + Level 2.7 Translocations


You had 3 spell levels left.
You knew the following spells:

 Your Spells              Type           Power        Failure   Level  Hunger
a - Blink                 Tloc           N/A          28%         2    ###....


Dungeon Overview and Level Annotations

Branches:
Dungeon (1/15)

Altars:

Annotations:
D:1 god dammit


Innate Abilities, Weirdness & Mutations

A weak demonic guardian rushes to your aid.


Message History

You feel sick.
You feel sick.
You feel sick.
There is a staircase leading out of the dungeon here.
You feel sick.
You feel sick.
* * * LOW HITPOINT WARNING * * *
You feel sick.
* * * LOW HITPOINT WARNING * * *
You feel sick.
* * * LOW HITPOINT WARNING * * *
You feel sick.
* * * LOW HITPOINT WARNING * * *
You feel sick.
* * * LOW HITPOINT WARNING * * *
You feel sick.
* * * LOW HITPOINT WARNING * * *
You feel sick.
New annotation for D:1 (include '!' for warning): god dammit Are you sure you want to abandon this character and quit the game? (Confirm with "yes".)

###....##...####..# #.
#.#).##...# #..# ##
#.........# #..#
###......#..# #..# #
#.....#.....# #..# #
#.....#..##.# #..# #
####........##.# #..# #
#...........##.####..# #
#.###...@#####.......##.#
#.#......# ##......##..
#...#^#..# #....#.####
#######.#..# #.......)).
######...# #.####
#รท...#.#### #...##.#.#
#.####### #....#.#
#...##.#.###.#.....#
#....#.#
#...'..#.....#.###.#
#....#.# #...##########.#
#.# #......#


There were no monsters in sight!

Vanquished Creatures
  2 giant cockroaches (D:1)
  4 goblins (D:1)
  2 hobgoblins (D:1)
  3 kobolds (D:1)
11 creatures vanquished.

Notes
Turn   | Place    | Note
-------+----------+-------------------------------------------
     0 | D:1      | RuleOfThree the Demonspawn Warper began the quest for the Orb.
     0 | D:1      | Reached XP level 1. HP: 16/16 MP: 3/3
   249 | D:1      | Gained mutation: A weak demonic guardian rushes to your aid. [demonic ancestry]
   249 | D:1      | Reached XP level 2. HP: 18/22 MP: 5/5
   256 | D:1      | Learned a level 2 spell: Blink
   545 | D:1      | Quit the game

Vault maps used:
D:1:      dpeg_arrival_water_altar

Skill      XL: |  1  2 |
---------------+-------+-----
Unarmed Combat | 2 |  2.1
Dodging        | 2 |  2.0
Fighting       | |  2.3
Throwing       | |  0.8
Armour         | |  0.8
Spellcasting   | |  2.1
Translocations | |  2.7

Action                   || total
-------------------------++-------
Melee: Unarmed           ||    44
Throw: Tomahawk          ||     4
  Use: Potion            ||     2
Armor: Ring mail         ||    10
       Leather armour    ||     1
Dodge: Dodged            ||    20

Table legend:
 A = Spawn XP
 B = Non-spawn XP
 C = Spawn XP percentage of total XP
 D = Spawn monster count
 E = Non-spawn monster count
 F = Spawn count percentage of total count
 G = Total turns spent on level
                    A         B        C        D         E        F      G
               +---------+---------+-------+---------+---------+-------+---------
         Total |       0 |      21 |   0.0 |       0 |      11 |   0.0 |   545
               +---------+---------+-------+---------+---------+-------+---------
           D:1 |       0 |      21 |   0.0 |       0 |      11 |   0.0 |   545
               +---------+---------+-------+---------+---------+-------+---------
